 Dungeon Crawl Stone Soup version 0.26-a0-962-g9b92081034 (webtiles) character file.

Game seed: 15342722812627417590

67 MordorOrchid the Covert (level 4, -6/41 HPs)
             Began as a Gnoll Delver on Dec 2, 2020.
             Mangled by a worker ant (7 damage)
             ... on level 7 of the Dungeon.
             The game lasted 00:02:47 (418 turns).

MordorOrchid the Covert (Gnoll Delver)               Turns: 418, Time: 00:02:48

Health: -6/41      AC:  3    Str: 14    XL:     4   Next: 16%
Magic:  5/5        EV: 14    Int: 13    God:
Gold:   35         SH:  0    Dex: 17    Spells: 5/5 levels left

rFire    . . .     SeeInvis .   a - +0 falchion
rCold    . . .     Faith    .   (no shield)
rNeg     . . .     Spirit   .   b - +0 leather armour
rPois    .         Reflect  .   (no helmet)
rElec    .         Harm     .   (no cloak)
rCorr    +         Rampage  .   (no gloves)
MR       .....                  (no boots)
Stlth    ++++......             (no amulet)
HPRegen  0.13/turn              j - ring of resist corrosion
MPRegen  0.09/turn              (no ring)

@: lethally poisoned (-6 -> -16)
A: distributed training, fangs 1, strong nose
a: no special abilities


You were on level 7 of the Dungeon.
You visited 1 branch of the dungeon, and saw 3 of its levels.

You collected 35 gold pieces.

Inventory:

Hand Weapons
 a - a +0 falchion (weapon)
Missiles
 i - 29 stones (quivered)
Armour
 b - a +0 leather armour (worn)
Jewellery
 j - a ring of resist corrosion (left hand)
Wands
 g - a wand of digging (3)
Scrolls
 c - 2 scrolls of fog
 d - a scroll of magic mapping
 e - a scroll of fear
 h - a scroll of identify {unknown}
Potions
 f - a potion of haste


   Skills:
 + Level 6.6 Fighting
 + Level 1.0 Short Blades
 + Level 4.6 Long Blades
 + Level 1.0 Axes
 + Level 1.0 Maces & Flails
 + Level 1.0 Polearms
 + Level 1.0 Staves
 + Level 1.0 Slings
 + Level 1.0 Bows
 + Level 1.0 Crossbows
 + Level 1.0 Throwing
 + Level 1.0 Armour
 + Level 4.6 Dodging
 + Level 9.6 Stealth
 + Level 1.0 Shields
 + Level 1.0 Unarmed Combat
 + Level 1.0 Spellcasting
 + Level 0.8 Conjurations
 + Level 0.8 Hexes
 + Level 0.8 Summonings
 + Level 0.8 Necromancy
 + Level 0.8 Translocations
 + Level 0.8 Transmutations
 + Level 0.8 Fire Magic
 + Level 0.8 Ice Magic
 + Level 0.8 Air Magic
 + Level 0.8 Earth Magic
 + Level 0.8 Poison Magic
 + Level 1.1 Invocations
 + Level 1.0 Evocations


You had 5 spell levels left.
You didn't know any spells.
Your spell library was empty.

Dungeon Overview and Level Annotations

Branches:
Dungeon (8/15)
 Temple: D:4-7         Lair: D:8-11

Altars:

Shops:
D:5 (

Annotations:
D:5 Eustachio


Innate Abilities, Weirdness & Mutations

Your experience applies equally to all skills.
You have very sharp teeth.
Your uncanny sense of smell can sniff out nearby items.


Message History

* * * LOW HITPOINT WARNING * * *
You are lethally poisoned!
The worker ant poisons you!
Okay, then.
You hit the worker ant but do no damage.
The worker ant is severely wounded.
* * * LOW HITPOINT WARNING * * *
You feel sick. The worker ant closely misses you.
Unknown command.
You hit the worker ant but do no damage.
The worker ant is severely wounded.
* * * LOW HITPOINT WARNING * * *
You feel sick. The worker ant bites you.
* * * LOW HITPOINT WARNING * * *
Unknown command.
You barely miss the worker ant.
The worker ant is severely wounded.
* * * LOW HITPOINT WARNING * * *
You feel sick. The worker ant bites you!
You die...

#........#
#........#
#........#
#........#
#........#
#........# ∆
#........#
##........#
#####.B@......#
#..((...##.####
#......#.###.#
#.(.####.# #.#
.... #.# #.#
... #.# #.# .(
..# #.# . ###
#.# #.#


You could see a worker ant.

Vanquished Creatures
  A bullfrog skeleton (D:5)
  A worker ant (D:7)
  An adder (D:7)
  A white imp (D:7)
4 creatures vanquished.

Notes
Turn   | Place    | Note
-------+----------+-------------------------------------------
     0 | D:5      | Reached skill level 9 in Stealth
     0 | D:5      | MordorOrchid the Gnoll Delver began the quest for the Orb.
     0 | D:5      | Reached XP level 1. HP: 23/23 MP: 1/1
     7 | D:5      | Noticed Eustachio
    44 | D:5      | Found Nuxutreq's Antique Weapon Shop.
    78 | D:5      | Reached XP level 2. HP: 17/29 MP: 2/2
    78 | D:5      | Reached XP level 3. HP: 20/35 MP: 3/3
    90 | D:5      | You fall into a shaft and drop 3 floors!
   103 | D:7      | Noticed a centaur
   135 | D:7      | Noticed a water moccasin
   186 | D:7      | Reached skill level 1 in Invocations
   194 | D:7      | Reached skill level 1 in Short Blades
   194 | D:7      | Reached skill level 1 in Axes
   194 | D:7      | Reached skill level 1 in Maces & Flails
   194 | D:7      | Reached skill level 1 in Polearms
   194 | D:7      | Reached skill level 1 in Staves
   194 | D:7      | Reached skill level 1 in Slings
   194 | D:7      | Reached skill level 1 in Bows
   194 | D:7      | Reached skill level 1 in Crossbows
   194 | D:7      | Reached skill level 1 in Throwing
   194 | D:7      | Reached skill level 1 in Armour
   194 | D:7      | Reached skill level 1 in Shields
   194 | D:7      | Reached skill level 1 in Unarmed Combat
   194 | D:7      | Reached skill level 1 in Spellcasting
   194 | D:7      | Reached skill level 1 in Evocations
   194 | D:7      | Reached XP level 4. HP: 20/41 MP: 5/5
   417 | D:7      | HP: 2/41 [worker ant (4)]
   418 | D:7      | Mangled by a worker ant

Illustrated notes

Levels and vault maps discovered:
D:5:      layout_loops_ring, gammafunk_temple_overflow_wave, serial_shops,
          nicolae_shop_trees, uniq_blork_the_orc, uniq_eustachio, uniq_duvessa
D:7:      layout_rooms, minmay_temple_entry_junction
D:8:      layout_cave_pools, erik_lair_dragon

Skill      XL: |  1  2  3 |
---------------+----------+-----
Stealth        | |  9.6
Invocations    | 1 |  1.1
Short Blades   | 1 |  1.0
Axes           | 1 |  1.0
Maces & Flails | 1 |  1.0
Polearms       | 1 |  1.0
Staves         | 1 |  1.0
Slings         | 1 |  1.0
Bows           | 1 |  1.0
Crossbows      | 1 |  1.0
Throwing       | 1 |  1.0
Armour         | 1 |  1.0
Shields        | 1 |  1.0
Unarmed Combat | 1 |  1.0
Spellcasting   | 1 |  1.0
Evocations     | 1 |  1.0
Fighting       | |  6.6
Long Blades    | |  4.6
Dodging        | |  4.6
Conjurations   | |  0.8
Hexes          | |  0.8
Summonings     | |  0.8
Necromancy     | |  0.8
Translocations | |  0.8
Transmutations | |  0.8
Fire Magic     | |  0.8
Ice Magic      | |  0.8
Air Magic      | |  0.8
Earth Magic    | |  0.8
Poison Magic   | |  0.8

Action                   |  1- 3 |  4- 6 || total
-------------------------+-------+-------++-------
Melee: Falchion          |    16 |    17 ||    33
       Bite              |     4 |     3 ||     7
Throw: Stone             |     6 |     4 ||    10
Armor: Leather armour    |     3 |       ||     3
Dodge: Dodged            |    10 |    11 ||    21
       Rpst.: Falchion   |     5 |     4 ||     9

Table legend: (Time is in decaauts)
 A = Elapsed time spent in this place.
 B = Non-inter-level travel time spent in this place.
 C = Inter-level travel time spent in this place.
 D = Time resting spent in this place.
 E = Time spent auto-exploring this place.
 F = Levels seen in this place.
 G = Mean time per level.
                   A        B        C        D        E       F      G
               +--------+--------+--------+--------+--------+-----+--------+
         Total |    420 |    420 |      0 |    153 |      0 |   3 |  140.0 |
       Dungeon |    420 |    420 |      0 |    153 |      0 |   3 |  140.0 |
               +--------+--------+--------+--------+--------+-----+--------+

Top non-repeatable levels by time:
     D:7: 320 daAuts
     D:5: 90 daAuts
     D:8: 9 daAuts
